 Dungeon Crawl Stone Soup version 0.19.0-11-g3fc08b3 (webtiles) character file.

337 MovingMist the Skirmisher (level 6, 0/39 HPs)
             Began as a Gargoyle Fighter on Nov 10, 2016.
             Killed by divine providence
             ... invoked by an orc priest
              (11 damage)
             ... on level 4 of the Dungeon.
             The game lasted 00:05:43 (1807 turns).

MovingMist the Skirmisher (Gargoyle Fighter)        Turns: 1807, Time: 00:05:44

Health: 0/39       AC: 14    Str: 19    XL:     6   Next: 54%
Magic:  6/6        EV:  6    Int:  9    God:
Gold:   136        SH:  9    Dex: 11    Spells: 0 memorised, 5 levels left

rFire  . . .     SeeInvis .     a - +0 flail
rCold  . . .     Gourm    .     h - +0 chain mail
rNeg   + . .     Faith    .     c - +0 shield
rPois  ∞         Spirit   .     (no helmet)
rElec  +         Reflect  .     p - +0 cloak
rCorr  .         Harm     .     (no gloves)
MR     .....                    (no boots)
Stlth  ..........               (no amulet)
                                (no ring)
                                (no ring)

@: no status effects
A: negative energy resistance 1, electricity resistance, unbreathing,
petrification resistance, rot immunity, AC +4
a: no special abilities


You were on level 4 of the Dungeon.
You were not hungry.

You visited 1 branch of the dungeon, and saw 4 of its levels.

You collected 136 gold pieces.

Inventory:

Hand Weapons
 a - a +0 flail (weapon)
Armour
 c - a +0 shield (worn)
 h - a +0 chain mail (worn)
 p - a +0 cloak (worn)
Scrolls
 d - a scroll of amnesia {unknown}
 e - 4 scrolls of immolation {unknown}
 j - 2 scrolls of enchant weapon {unknown}
 k - 2 scrolls of teleportation {unknown}
 m - 3 scrolls of identify {unknown}
 n - a scroll of fear {unknown}
 o - a scroll of blinking {unknown}
 q - a scroll of remove curse {unknown}
Potions
 b - 2 potions of heal wounds {unknown}
 g - 4 potions of degeneration {unknown}
 i - a potion of berserk rage {unknown}
 l - 5 potions of haste {unknown}
 r - a potion of cure mutation {unknown}
Comestibles
 f - 3 bread rations


   Skills:
 + Level 4.7 Fighting
 + Level 3.2 Maces & Flails
 - Level 3.2 Armour
 * Level 3.1 Dodging
 + Level 4.5 Shields


You had 5 spell levels left.
You didn't know any spells.

Dungeon Overview and Level Annotations

Branches:
Dungeon (3/15)

Altars:


Innate Abilities, Weirdness & Mutations

You are resistant to torment.
Your stone body is resilient. (AC +4)
You are immune to poison.
You resist negative energy. (rN+)
You are resistant to electric shocks. (rElec)
You can survive without breathing.
You are immune to petrification.
You are immune to rotting.


Message History

The goblin unwields an uncursed hunting sling.
The goblin closely misses you.
Things that are here:
an uncursed hunting sling; 10 stones
Things that are here:
an uncursed hunting sling; 14 stones; a goblin corpse The orc priest mumbles some strange prayers to Beogh against you.
Pain shoots through your body!
* * * LOW HITPOINT WARNING * * *
The goblin wields an uncursed hunting sling.
The goblin shoots a stone.
The stone hits you but does no damage.
You see here 2 stones.
You closely miss the orc priest.
The orc priest hits you but does no damage.
The goblin shoots a stone.
You block the stone.
You hit the orc priest.
The orc priest is lightly wounded.
The orc priest mumbles some strange prayers to Beogh against you.
Beogh smites you!
You die...

## #.# #(#
#.. .# #.#
##.###.##.#.#
#.#
#.((........#
#.#
#.(##.#.#...
#..(.###..
#.###o#.# #.
##g# #. #)#
#. #@# #. #o#
#
#.####(###..#
#.....(.....#
######(####.#
#.# #(#
#........
######..#


You could see an orc priest, an orc and a goblin.

Vanquished Creatures
  Grinder (D:3)
  A hound (D:4)
  An iguana (D:4)
  An adder (D:2)
  An ooze (D:1)
  A worm (D:2)
  A dart slug (D:1)
  A leopard gecko (D:2)
  2 orcs (D:4)
  A ball python (D:2)
  3 bats
  6 giant cockroaches
  8 goblins
  6 hobgoblins
  8 jackals (D:1)
  A quokka (D:2)
  A frilled lizard (D:1)
  6 kobolds
  5 rats
55 creatures vanquished.

Notes
Turn   | Place    | Note
-------+----------+-------------------------------------------
     0 | D:1      | MovingMist the Gargoyle Fighter began the quest for the Orb.
     0 | D:1      | Reached XP level 1. HP: 14/14 MP: 1/1
    60 | D:1      | Reached XP level 2. HP: 19/19 MP: 2/2
   238 | D:1      | Reached XP level 3. HP: 22/23 MP: 3/3
   245 | D:1      | Reached skill level 1 in Dodging
  1085 | D:2      | Reached XP level 4. HP: 29/29 MP: 4/4
  1441 | D:3      | Noticed Grinder
  1456 | D:3      | Killed Grinder
  1456 | D:3      | Reached XP level 5. HP: 18/34 MP: 5/5
  1456 | D:3      | Reached XP level 6. HP: 21/39 MP: 6/6
  1662 | D:3      | You fall through a shaft!
  1807 | D:4      | Killed from afar by an orc priest

Skill      XL: |  1  2  3  4  5  6 |
---------------+-------------------+-----
Dodging        | 1 2 3 |  3.1
Fighting       | 4 |  4.7
Maces & Flails | 3 |  3.2
Shields        | 4 |  4.5
Armour         | |  3.2

Action                   |  1- 3 |  4- 6 || total
-------------------------+-------+-------++-------
Melee: Flail             |   134 |    73 ||   207
  Use: Potion            |       |     1 ||     1
  Eat: Chunk             |     1 |     2 ||     3
Armor: Scale mail        |    59 |       ||    59
       Chain mail        |    17 |    82 ||    99
Dodge: Dodged            |    50 |    29 ||    79
Block: Shield            |    70 |    50 ||   120
